 Dungeon Crawl Stone Soup version 0.18.1-48-g4cf74bf (webtiles) character file.

249 dearth the Cudgeler (level 5, -3/47 HPs)
             Began as a Minotaur Fighter on Aug 3, 2016.
             Killed by nerve-wracking pain
             ... invoked by an orc priest
              (12 damage)
             ... on level 4 of the Dungeon.
             The game lasted 00:04:24 (2374 turns).

dearth the Cudgeler (Minotaur Fighter)              Turns: 2374, Time: 00:04:25

Health: -3/47      AC:  8    Str: 21    XL:     5   Next: 86%
Magic:  4/4        EV:  8    Int:  5    God:
Gold:   164        SH:  9    Dex: 10    Spells: 0 memorised, 4 levels left

rFire  . . .     SeeInvis .     a - +0 flail
rCold  . . .     Gourm    .     b - +0 scale mail
rNeg   . . .     Faith    .     c - +0 shield
rPois  .         Spirit   .     (helmet restricted)
rElec  .         Dismiss  .     (no cloak)
rCorr  .         Reflect  .     (no gloves)
SustAt .         Harm     .     q - +0 pair of boots (curse)
MR     .....                    (no amulet)
Stlth  ..........               (no ring)
                                (no ring)

@: not resistant to hostile enchantments, extremely unstealthy
A: retaliatory headbutt, horns 2
a: no special abilities


You were on level 4 of the Dungeon.
You were hungry.

You visited 1 branch of the dungeon, and saw 4 of its levels.

You collected 164 gold pieces.

Inventory:

Hand Weapons
 a - a +0 flail (weapon)
Armour
 b - a +0 scale mail (worn)
 c - a +0 shield (worn)
 q - a cursed +0 pair of boots (worn)
Scrolls
 e - 2 scrolls of fear {unknown}
 g - 2 scrolls of teleportation {unknown}
 h - 2 scrolls of identify {unknown}
 i - a scroll of fog {unknown}
 j - a scroll of blinking {unknown}
 n - 4 scrolls of remove curse {unknown}
 p - a scroll of immolation {unknown}
 s - a scroll of magic mapping {unknown}
 t - a scroll of enchant armour {unknown}
Potions
 d - 2 potions of might
 k - a potion of lignification {unknown}
 l - a potion of magic {unknown}
 m - a potion of haste {unknown}
 o - 4 potions of curing {unknown}
 r - a potion of degeneration {unknown}
Comestibles
 f - 5 bread rations


   Skills:
 + Level 4.4 Fighting
 * Level 4.9 Maces & Flails
 + Level 4.7 Armour
 + Level 1.8 Dodging
 + Level 4.7 Shields


You had 4 spell levels left.
You didn't know any spells.

Dungeon Overview and Level Annotations

Branches:
Dungeon (4/15)
 Temple: D:4-7

Altars:
Ashenzari
Fedhas
Kikubaaqudgha
Trog
Zin


Innate Abilities, Weirdness & Mutations

You reflexively headbutt those who attack you in melee.
You have a pair of horns on your head.


Message History

You sock the orc!
You kill the orc!
You closely miss the orc. Your headbutt misses the orc.
You block the orc's attack.
You closely miss the orc. The orc hits you but does no damage.
You barely miss the orc. The orc hits you with a mace.
The orc priest invokes the aid of Beogh against you.
Beogh smites you!
You closely miss the orc. You block the orc's attack.
The orc priest mumbles some strange prayers to Beogh against you.
Beogh smites you!
* * * LOW HITPOINT WARNING * * *
You hit the orc. You headbutt the orc.
The orc is almost dead.
The orc barely misses you.
You sock the orc!
You kill the orc!
The orc priest mumbles some strange prayers to Beogh against you.
Pain shoots through your body!
You die... ##[#.. ..... #.... ... .oo

#o# #)#
#@# #.#
#.# #<#
........#
#########


You could see an orc priest and 2 orcs.

Vanquished Creatures
  A giant frog (D:3)
  Jessica (D:3)
  Terence (D:3)
  A gnoll (D:1)
  4 adders
  An ooze (D:1)
  5 worms
  2 dart slugs
  A giant gecko (D:1)
  3 orcs
  A ball python (D:1)
  A bat (D:2)
  3 giant cockroaches
  7 goblins
  2 hobgoblins (D:1)
  8 jackals
  A quokka (D:3)
  3 giant newts
  10 kobolds
  7 rats
  A bush (D:1)
64 creatures vanquished.

Notes
Turn   | Place    | Note
--------------------------------------------------------------
     0 | D:1      | dearth the Minotaur Fighter began the quest for the Orb.
     0 | D:1      | Reached XP level 1. HP: 19/19 MP: 0/0
   105 | D:1      | Reached XP level 2. HP: 27/27 MP: 1/1
   208 | D:1      | Reached XP level 3. HP: 33/33 MP: 2/2
   971 | D:2      | Found a glowing silver altar of Zin.
  1001 | D:2      | Found a shattered altar of Ashenzari.
  1002 | D:2      | Found a bloodstained altar of Trog.
  1032 | D:2      | Reached XP level 4. HP: 31/40 MP: 3/3
  1211 | D:2      | Found a blossoming altar of Fedhas.
  1304 | D:3      | Noticed Jessica
  1308 | D:3      | Killed Jessica
  1481 | D:3      | Noticed a giant frog
  1490 | D:3      | Killed a giant frog
  1490 | D:3      | Reached skill level 1 in Dodging
  1490 | D:3      | Reached XP level 5. HP: 37/46 MP: 4/4
  1610 | D:3      | Noticed Terence
  1625 | D:3      | Killed Terence
  1710 | D:3      | Found an ancient bone altar of Kikubaaqudgha.
  2374 | D:4      | Killed from afar by an orc priest

Skill      XL: |  1  2  3  4 |
---------------+-------------+-----
Maces & Flails | 3 4 |  4.9
Shields        | 4 |  4.7
Fighting       | 4 |  4.4
Armour         | 4 |  4.7
Dodging        | 1 |  1.8

Action                   |  1- 3 |  4- 6 || total
-------------------------+-------+-------++-------
Melee: Flail             |    94 |   113 ||   207
       Headbutt          |    28 |    15 ||    43
  Eat: Bread ration      |       |     1 ||     1
Armor: Scale mail        |    40 |    39 ||    79
Dodge: Dodged            |    31 |    30 ||    61
Block: Shield            |    36 |    50 ||    86
